 Dungeon Crawl Stone Soup version 0.24-a0-539-g6aae15e (webtiles) character file.

Game seed: 3063374767118006922

46510 ChiliFlavouring the Impaler (level 14, -5/118 HPs)
             Began as a Demonspawn Gladiator on Aug 17, 2019.
             Was an Elder of Trog.
             Drowned by a drowned soul (13 damage)
             ... summoned by a merfolk avatar
             ... on level 1 of the Shoals.
             The game lasted 01:04:46 (19762 turns).

ChiliFlavouring the Impaler (Demonspawn Gladiator) Turns: 19762, Time: 01:04:47

Health: -5/118     AC: 17    Str: 23    XL:     14   Next: 5%
Magic:  9/14       EV: 12    Int:  8    God:    Trog [****..]
Gold:   947        SH:  3    Dex: 18    Spells: 13/13 levels left

rFire    . . .     SeeInvis .   q - +4 trident of the Disturbing Princes {drain, rPois rN+}
rCold    . . .     Gourm    .   (no shield)
rNeg     + . .     Faith    .   O - +2 swamp dragon scales
rPois    +         Spirit   .   (helmet restricted)
rElec    +         Reflect  +   (no cloak)
rCorr    .         Harm     .   w - +0 pair of fencer's gloves {Riposte Dex+3}
MR       +....     Clarity  +   C - +0 pair of boots
Stlth    ++........             p - +3 amulet of reflection
HPRegen  0.29/turn              I - +4 ring of strength
MPRegen  0.14/turn              r - ring of poison resistance

@: berserk cooldown, slowed, invisible, very slow
A: antennae 2, yellow scales 2, clarity, demonic guardian 1, dopey 1,
nightstalker 2, electricity resistance, wild magic 1, evolution 1
a: Berserk, Trog's Hand, Brothers in Arms, Renounce Religion


You were on level 1 of the Shoals.
You worshipped Trog.
Trog was greatly pleased with you.
You were very hungry.

You visited 4 branches of the dungeon, and saw 18 of its levels.
You also visited: Volcano.

You collected 1298 gold pieces.
You spent 351 gold pieces at shops.

Inventory:

Hand Weapons
 a - a +1 quarterstaff of draining
 q - the +4 trident of the Disturbing Princes (weapon) {drain, rPois rN+}
   (You found it on level 5 of the Dungeon)

   A truly terrible weapon, it drains the life of those it strikes.
   It protects you from poison.
   It protects you from negative energy.
Missiles
 d - 4 throwing nets (quivered)
Armour
 w - the +0 pair of fencer's gloves (worn) {Riposte Dex+3}
   (You found it on level 4 of the Dungeon)

   It affects your dexterity (+3).
 x - a +0 buckler
 C - a +0 pair of boots (worn)
 O - +2 swamp dragon scales (worn)
Jewellery
 p - a +3 amulet of reflection (around neck)
 r - a ring of poison resistance (right hand)
 I - a +4 ring of strength (left hand)
 T - the ring of Kasmonou {Fire rElec rPois}
   (You found it on level 2 of the Lair of Beasts)

   [ring of fire]

   It enhances your fire magic.
   It protects you from fire.
   It makes you vulnerable to cold.
   It insulates you from electricity.
   It protects you from poison.
 Z - an uncursed amulet of regeneration
Wands
 h - a wand of enslavement (6)
 D - a wand of paralysis (10)
Scrolls
 e - 7 scrolls of remove curse
 i - 2 scrolls of blinking
 k - 3 scrolls of identify
 l - 3 scrolls of fear
 n - 2 scrolls of teleportation
 v - 4 scrolls of magic mapping
 Q - 2 scrolls of enchant weapon
Potions
 b - 2 potions of resistance {unknown}
 g - 2 potions of berserk rage {unknown}
 j - a potion of cancellation
 m - 4 potions of agility
 t - 8 potions of curing
 u - 3 potions of might
 z - a potion of magic
 B - 3 potions of haste
 P - a potion of invisibility
Comestibles
 c - a chunk of flesh
 f - 47 rations


   Skills:
 + Level 13.0 Fighting
 * Level 16.6(17.0) Polearms
 - Level 6.9(12.9) Staves
 - Level 1.7 Throwing
 + Level 8.7 Armour
 - Level 2.6 Dodging
 - Level 4.0 Shields


You had 13 spell levels left.
You didn't know any spells.
Your spell library contained the following spells:

 Spells                   Type           Power        Failure   Level  Hunger
 Sting                    Conj/Pois      #...         63%         1    ##.....
 Poisonous Vapours        Pois/Air       #.....       75%         2    ###....
 Alistair's Intoxication  Tmut/Pois      #.......     100%        5    ######.
 Fireball                 Conj/Fire      #.........   100%        5    ######.
 Ring of Flames           Chrm/Fire      #.........   100%        7    #######


Dungeon Overview and Level Annotations

Branches:
Dungeon (10/15)            Temple (1/1) D:6            Lair (6/6) D:10
 Shoals (1/4) Lair:2       Spider (0/4) Lair:3        Slime (0/5) Lair:5
    Orc: D:9-12

Altars:
Ashenzari
Cheibriados
Dithmenos
Elyvilon
Fedhas
Gozag
Hepliaklqana
Kikubaaqudgha
Makhleb
Nemelex Xobeh
Okawaru
Qazlal
Ru
Sif Muna
Trog
Uskayaw
Vehumet
Wu Jian
Xom
Yredelemnul
Zin
The Shining One

Shops:
D:5 :   D:7 %   D:8 =


Innate Abilities, Weirdness & Mutations

You have a pair of antennae on your head.
You are mostly covered in yellow scales. (AC +3)
A weak demonic guardian rushes to your aid.
You are significantly more attuned to the shadows.
You possess an exceptional clarity of mind.
You are dopey. (Int -2)
You are resistant to electric shocks. (rElec)
Your spells are a little harder to cast, but a little more powerful.
You evolve.


Message History

The drowned soul drowns you! The water nymph closely misses you.
You impale the water nymph!!
The water nymph is heavily wounded.
The merfolk avatar chants a haunting song.
You are unaffected.
The water nymph touches you. The water nymph drowns you!
Splash!
You fall into the shallow water.
Moving in this stuff is going to be slow.
You barely miss the water nymph.
The water nymph is heavily wounded.
The water nymph casts a spell at you. The water swirls and strikes you!
* * * LOW HITPOINT WARNING * * *
You feel much better.
The drowned soul returns to the deep!
The water nymph casts a spell at you. The water swirls and strikes you!
* * * LOW HITPOINT WARNING * * *
You fade into invisibility!
The drowned soul touches you. The drowned soul drowns you!
You die...

≈≈≈≈≈≈ ≈≈≈≈≈≈ .≈≈≈≈≈≈
≈≈≈≈≈≈≈.... ..≈≈≈≈≈≈≈≈≈..
........≈≈≈
..≈≈≈≈≈≈≈≈≈...#..........
..≈≈≈≈≈≈≈≈≈...##.........
.≈≈≈≈≈≈≈≈≈≈.........≈..[≈
..≈≈≈...≈≈.....≈..)W....≈
#........≈≈.≈≈..@#≈≈≈≈≈≈≈
#######.≈≈≈.....≈m/.m≈≈≈≈
#.≈≈≈.≈...≈.≈≈≈≈≈≈≈
####.)≈≈.......≈≈≈≈≈≈.
.....≈≈≈≈≈......≈≈≈≈≈≈≈
≈≈≈≈≈≈≈≈......≈.≈≈≈≈≈≈≈
≈≈≈≈≈≈≈≈......≈≈.≈≈≈≈≈≈
≈≈≈≈≈≈≈....###.≈≈≈≈≈
≈.≈≈≈≈≈..(..# ...≈≈


You could see a merfolk avatar, a water nymph and a drowned soul.

Vanquished Creatures
  A merfolk impaler (Shoals:1)
  A hydra (Lair:5)
  Erica (Lair:1)
  A catoblepas (Lair:6)
  A dancing weapon (Volcano)
  A deep troll shaman (Lair:6)
  9 death yaks
  2 two-headed ogres
  Nergalle (Lair:1)
  5 wizards (Volcano)
  2 lindwurms
  Pikel (D:6)
  A wolf spider (Lair:3)
  9 elephants
  5 toenail golems (Volcano)
  A black mamba (Lair:5)
  Maurice (D:10)
  A water nymph (Shoals:1)
  7 spiny frogs
  2 rime drakes
  11 komodo dragons
  A jumping spider (Lair:3)
  3 merfolk (Shoals:1)
  3 polar bears (Lair:6)
  A hornet (D:9)
  8 hippogriffs
  9 blink frogs
  4 dream sheep (Lair:6)
  Sigmund (D:2)
  2 redbacks (Lair:3)
  2 snapping turtles
  A wraith (D:10)
  2 wyverns
  19 yaks
  2 basilisks
  Grum (Lair:1)
  A hungry ghost (D:8)
  2 steam dragons
  2 soldier ants (D:9)
  An acid dragon (D:8)
  6 water moccasins
  4 porcupines
  3 black bears
  A slave (D:6)
  4 ice beasts
  3 orc warriors
  3 phantoms
  3 sky beasts
  7 centaurs
  4 ogres
  14 wolves
  13 crocodiles
  11 bullfrogs
  A scorpion (D:10)
  10 killer bees (D:8)
  3 wights (D:10)
  2 howler monkeys (D:10)
  3 electric eels
  A crimson imp (D:9)
  3 bullfrog zombies
  A centaur zombie (D:8)
  3 quasits
  3 jellies
  6 hounds
  4 orc wizards
  A centaur skeleton (D:9)
  5 iguanas
  6 hell rats (Lair:5)
  9 worker ants
  A hound zombie (D:6)
  A hound skeleton (D:8)
  A worker ant zombie (D:5)
  9 adders
  11 gnolls
  2 oozes
  3 adder skeletons
  2 adder zombies
  5 worms
  2 dart slugs
  A leopard gecko (D:1)
  10 orcs
  12 bats
  4 giant cockroaches
  9 goblins
  12 hobgoblins
  10 jackals
  3 quokkas
  A ball python (D:1)
  A ball python skeleton (D:5)
  7 frilled lizards
  A jackal skeleton (D:6)
  3 kobolds (D:1)
  A quokka skeleton (D:4)
  8 rats
  A spectral orc (D:8)
  A fungus (Lair:4)
388 creatures vanquished.

Vanquished Creatures (collateral kills)
  A hydra (Lair:6)
  A catoblepas (Lair:6)
  A komodo dragon (Lair:2)
  A jumping spider (Lair:3)
  A hippogriff (Lair:3)
  A blink frog (Lair:6)
  A yak (Lair:2)
  An ogre (D:9)
  A centaur (D:8)
  2 bullfrogs
  An adder (D:8)
12 creatures vanquished.

Vanquished Creatures (others)
  A slave (D:6)
  2 fungi
  3 plants
6 creatures vanquished.

Grand Total: 406 creatures vanquished

Notes
Turn   | Place    | Note
-------+----------+-------------------------------------------
     0 | D:1      | ChiliFlavouring the Demonspawn Gladiator began the quest
                  | for the Orb.
     0 | D:1      | Reached XP level 1. HP: 16/16 MP: 1/1
   173 | D:1      | Gained mutation: You have a pair of small antennae on your
                  | head. [demonic ancestry]
   173 | D:1      | Reached XP level 2. HP: 2/23 MP: 2/2
   862 | D:1      | Reached XP level 3. HP: 13/28 MP: 3/3
  1587 | D:2      | Noticed Sigmund
  1610 | D:2      | Killed Sigmund
  1610 | D:2      | Reached XP level 4. HP: 10/38 MP: 4/4
  1610 | D:2      | Reached XP level 5. HP: 12/43 MP: 5/5
  2559 | D:3      | Gained mutation: You have a pair of antennae on your head.
                  | [demonic ancestry]
  2559 | D:3      | Reached XP level 6. HP: 17/49 MP: 6/6
  3248 | D:3      | Reached skill level 1 in Armour
  3714 | D:3      | Reached skill level 5 in Staves
  3752 | D:3      | Found a radiant altar of Vehumet.
  4202 | D:4      | Found the +0 pair of fencer's gloves {Riposte Dex+3}
  4290 | D:4      | Found a sparkling altar of Nemelex Xobeh.
  4458 | D:4      | Reached skill level 5 in Fighting
  4458 | D:4      | Reached XP level 7. HP: 50/56 MP: 7/7
  5057 | D:5      | Entered Level 5 of the Dungeon
  5082 | D:5      | Found a bloodstained altar of Trog.
  5274 | D:5      | Found Pemaps's Book Emporium.
  6044 | D:5      | Got a faintly glowing trident
  6057 | D:5      | Identified the +4 trident of the Disturbing Princes {drain,
                  | rPois rN+} (You found it on level 5 of the Dungeon)
  6177 | D:5      | Reached skill level 1 in Polearms
  6177 | D:5      | Gained mutation: You are slightly more attuned to the
                  | shadows. [demonic ancestry]
  6177 | D:5      | Reached XP level 8. HP: 47/64 MP: 8/8
  6390 | D:5      | Reached skill level 2 in Polearms
  6483 | D:6      | Noticed Pikel
  6489 | D:6      | Killed Pikel
  6489 | D:6      | Reached skill level 5 in Polearms
  6528 | D:6      | Found a staircase to the Ecumenical Temple.
  6539 | Temple   | Entered the Ecumenical Temple
  6948 | D:5      | Became a worshipper of Trog the Wrathful
  6970 | D:6      | Found a sacrificial altar of Ru.
  6981 | D:6      | Noticed a hippogriff
  6988 | D:6      | Killed a hippogriff
  6988 | D:6      | Reached skill level 6 in Polearms
  7123 | D:6      | Gained mutation: A weak demonic guardian rushes to your
                  | aid. [demonic ancestry]
  7123 | D:6      | Reached XP level 9. HP: 59/72 MP: 9/9
  7141 | D:6      | Found a shimmering blue altar of Sif Muna.
  7252 | D:6      | Reached skill level 7 in Polearms
  7317 | D:6      | Found an iron altar of Okawaru.
  7730 | D:7      | Found Vynnoune's Food Emporium.
  7954 | D:7      | Found a stormy altar of Qazlal.
  8126 | D:8      | Reached skill level 8 in Polearms
  8138 | D:8      | Reached * piety under Trog
  8274 | D:8      | Found Ysoem's Jewellery Shoppe.
  8283 | D:8      | Bought a +4 ring of strength for 351 gold pieces
  8302 | D:8      | Reached skill level 9 in Polearms
  8399 | D:8      | Reached skill level 5 in Armour
  8653 | D:8      | Reached skill level 10 in Polearms
  8932 | D:8      | Found a basalt altar of Yredelemnul.
  8999 | D:9      | Gained mutation: You are significantly more attuned to the
                  | shadows. [demonic ancestry]
  8999 | D:9      | Reached XP level 10. HP: 79/80 MP: 10/10
  9626 | D:9      | Reached skill level 11 in Polearms
  9864 | D:9      | Noticed a two-headed ogre
  9870 | D:9      | Killed a two-headed ogre
 10227 | D:10     | Entered Level 10 of the Dungeon
 10263 | D:10     | Reached skill level 12 in Polearms
 10269 | D:10     | Reached ** piety under Trog
 10293 | D:10     | Noticed Maurice
 10325 | D:10     | Killed Maurice
 10516 | D:10     | Gained mutation: You are dopey. (Int -2) [potion of
                  | mutation]
 10516 | D:10     | Gained mutation: You evolve. [potion of mutation]
 10799 | D:10     | Reached XP level 11. HP: 81/89 MP: 11/11
 11022 | D:10     | Noticed a two-headed ogre
 11027 | D:10     | Killed a two-headed ogre
 11035 | D:10     | Found a staircase to the Lair.
 11339 | Lair:1   | Entered Level 1 of the Lair of Beasts
 11408 | Lair:1   | Reached skill level 1 in Shields
 11658 | Lair:1   | Noticed Erica
 11667 | Lair:1   | Killed Erica
 11667 | Lair:1   | Reached skill level 10 in Fighting
 11667 | Lair:1   | Reached skill level 13 in Polearms
 11735 | Lair:1   | Noticed Nergalle
 11744 | Lair:1   | Killed Nergalle
 11855 | Lair:1   | Reached *** piety under Trog
 12158 | Lair:1   | Noticed Grum
 12174 | Lair:1   | Killed Grum
 12634 | Lair:2   | Found a dark tunnel.
 12634 | Lair:2   | Noticed a lindwurm
 12649 | Lair:2   | Killed a lindwurm
 12715 | Lair:2   | Got a clouded amber ring
 12733 | Volcano  | Entered a volcano
 12739 | Volcano  | Noticed a wizard
 12749 | Volcano  | Killed a wizard
 12749 | Volcano  | Reached XP level 12. HP: 99/99 MP: 12/12
 13167 | Volcano  | Reached skill level 14 in Polearms
 13168 | Volcano  | Gained mutation: You are resistant to electric shocks.
                  | (rElec) [evolution]
 13181 | Volcano  | Paralysed by a wizard for 4 turns
 14369 | Lair:2   | Found a staircase to the Shoals.
 14382 | Lair:2   | Reached **** piety under Trog
 14610 | Lair:3   | Found a hole to the Spider Nest.
 15083 | Lair:3   | Gained mutation: You possess an exceptional clarity of
                  | mind. [evolution]
 15364 | Lair:4   | Noticed a death yak
 15364 | Lair:4   | Noticed a death yak
 15373 | Lair:4   | Noticed a death yak
 15374 | Lair:4   | Noticed a death yak
 15408 | Lair:4   | Noticed a death yak
 15413 | Lair:4   | Killed a death yak
 15413 | Lair:4   | Reached skill level 15 in Polearms
 15431 | Lair:4   | Killed a death yak
 15454 | Lair:4   | Killed a death yak
 15463 | Lair:4   | Killed a death yak
 15470 | Lair:4   | Killed a death yak
 15588 | Lair:4   | Gained mutation: You are partially covered in yellow
                  | scales. (AC +2) [demonic ancestry]
 15588 | Lair:4   | Reached XP level 13. HP: 108/108 MP: 13/13
 15778 | Lair:4   | Received a gift from Trog
 16690 | Lair:5   | Received a gift from Trog
 16906 | Lair:5   | Found a staircase to the Slime Pits.
 17614 | Lair:6   | Entered Level 6 of the Lair of Beasts
 17921 | Lair:6   | Reached skill level 16 in Polearms
 18033 | Lair:6   | Gained mutation: Your spells are a little harder to cast,
                  | but a little more powerful. [evolution]
 18403 | Lair:6   | Identified the ring of Kasmonou {Fire rElec rPois} (You
                  | found it on level 2 of the Lair of Beasts)
 18974 | Lair:6   | Identified Sif Muna's Guide on Flamy Toxins
 18994 | Lair:6   | Identified a scroll of acquirement
 19559 | Shoals:1 | Entered Level 1 of the Shoals
 19585 | Shoals:1 | Gained mutation: You are mostly covered in yellow scales.
                  | (AC +3) [demonic ancestry]
 19585 | Shoals:1 | Reached XP level 14. HP: 108/118 MP: 14/14
 19762 | Shoals:1 | Drowned by a drowned soul

Levels and vault maps discovered:
D:1:      nagdon_arrival_zigzag_paths, layout_basic, minmay_box_of_dots
D:2:      layout_loops_ring, uniq_sigmund
D:3:      layout_rooms, vehumet_crystals, first_ration, grunt_ministairs_15
D:4:      layout_basic, nemelex_altar_shiori, minmay_manual_mullet
D:5:      layout_loops_ring, lemuel_crystal_altar, serial_shops, shop
D:6:      layout_basic, lemuel_doored_altar, nicolae_ru_awakened_eye,
          kennysheep_mini_moat, minmay_temple_entry_wispy, uniq_pikel
D:7:      layout_basic, lemuel_round_altar, serial_shops, shop
D:8:      layout_loops_ring, yredelemnul_forgotten_temple_becter, serial_shops,
          nicolae_shop_trees
D:9:      cheibrodos_ideogram_h, layout_irregular_city,
          hangedman_pestilent_swarm
D:10:     layout_roguey, david_lair_shrubbed, uniq_maurice
Temple:   minmay_temple_curvy_branch
Lair:1:   layout_roguey, infiniplex_staircase_pool, lemuel_fruit_tree,
          uniq_erica, uniq_nergalle, uniq_grum
Lair:2:   layout_cave_pods, minmay_shoals_entry_hut,
          nicolae_volcano_entry_vermiform
Lair:3:   layout_chaotic_city, spider_nest_entry_funnel_web
Lair:4:   layout_roguey, lemuel_fruit_fields, lemuel_fruit_fields
Lair:5:   layout_cave_pods, dpeg_slime_entry_corner, st_stairs_7,
          wad_woods_river_03, minivault_27
Lair:6:   grunt_lair_end_beastmaster, layout_regular_city,
          portal_ice_cave_entry_pillars_1, gammafunk_lair_bear_cave
Shoals:1: layout_shoals

Skill      XL: |  1  2  3  4  5  6  7  8  9 10 11 12 13 |
---------------+----------------------------------------+-----
Staves         | 3 4 5 6 |  6.9
Fighting       | 4 5 6 7 8 9 10 12 13 | 13.0
Armour         | 1 3 5 6 7 8 |  8.7
Polearms       | 1 6 10 12 13 15 16 | 16.6
Shields        | 3 4 |  4.0
Throwing       | |  1.7
Dodging        | |  2.6

Action                   |  1- 3 |  4- 6 |  7- 9 | 10-12 | 13-15 || total
-------------------------+-------+-------+-------+-------+-------++-------
Melee: Quarterstaff      |   119 |   187 |    90 |       |       ||   396
       Trident           |       |       |   177 |   643 |   430 ||  1250
Invok: Berserk           |       |       |       |     6 |     3 ||     9
  Use: Potion            |     1 |     2 |     2 |    12 |     2 ||    19
       Scroll            |       |     6 |     6 |     6 |    14 ||    32
 Stab: Sleeping          |       |       |     8 |    25 |    12 ||    45
       Distracted        |       |       |     1 |     6 |     4 ||    11
  Eat: Chunk             |     2 |     9 |    13 |    26 |    12 ||    62
       Ration            |       |       |     1 |       |     1 ||     2
Armor: Leather armour    |    43 |     8 |       |       |       ||    51
       Ring mail         |       |    24 |    65 |    12 |       ||   101
       Swamp dragon scal |       |       |       |    77 |   117 ||   194
Dodge: Dodged            |    75 |   140 |   131 |   149 |   152 ||   647
Block: Other             |       |       |     3 |    33 |    35 ||    71
       Reflection        |       |       |       |     2 |       ||     2
       Rpst.: Quarterstaff |       |     3 |     8 |       |       ||    11
       Trident           |       |       |    17 |    43 |    41 ||   101

Table legend:
 A = Non-vault XP
 B = Vault XP
 C = Vault XP percentage of total XP
 D = Non-vault monster count
 E = Vault monster count
 F = Vault count percentage of total count
                 A         B        C        D         E       F
            +---------+---------+-------+---------+---------+-------
      Total |   42654 |   23790 |  35.8 |     321 |      77 |  19.3
            +---------+---------+-------+---------+---------+-------
        D:1 |      40 |       5 |  11.1 |      26 |       2 |   7.1
        D:2 |     133 |     236 |  64.0 |      29 |       2 |   6.5
        D:3 |     167 |       2 |   1.2 |      18 |       1 |   5.3
        D:4 |     188 |      44 |  19.0 |       7 |       3 |  30.0
        D:5 |     751 |       0 |   0.0 |      16 |       0 |   0.0
        D:6 |    1083 |     617 |  36.3 |      20 |       1 |   4.8
        D:7 |     143 |       0 |   0.0 |       6 |       0 |   0.0
        D:8 |    2100 |     145 |   6.5 |      30 |       2 |   6.2
        D:9 |    1367 |    1793 |  56.7 |      10 |      19 |  65.5
       D:10 |    3720 |     769 |  17.1 |      33 |       2 |   5.7
     Lair:1 |    4950 |    2059 |  29.4 |      23 |       5 |  17.9
     Lair:2 |    3038 |     884 |  22.5 |      15 |       2 |  11.8
     Lair:3 |     870 |    1563 |  64.2 |       4 |       5 |  55.6
     Lair:4 |    6816 |       0 |   0.0 |      22 |       0 |   0.0
     Lair:5 |    7204 |       0 |   0.0 |      32 |       0 |   0.0
     Lair:6 |    7450 |    9089 |  55.0 |      24 |      22 |  47.8
   Shoals:1 |    2634 |       0 |   0.0 |       6 |       0 |   0.0
    Volcano |       0 |    6584 | 100.0 |       0 |      11 | 100.0
            +---------+---------+-------+---------+---------+-------
